 Dungeon Crawl Stone Soup version 0.19.4-8-ga85b6b9 (webtiles) character file.

25001 Heskey the Fighter (level 13, -19/87 HPs)
             Began as a Gargoyle Fighter on Feb 6, 2017.
             Was a High Priest of Makhleb.
             Demolished by a hill giant
             ... wielding a +0 giant spiked club
              (35 damage)
             ... on level 13 of the Dungeon.
             The game lasted 00:47:11 (14628 turns).

Heskey the Fighter (Gargoyle Fighter)              Turns: 14628, Time: 00:47:12

Health: -19/87     AC: 27    Str: 24    XL:     13   Next: 16%
Magic:  15/15      EV: 11    Int: 10    God:    Makhleb [*****.]
Gold:   910        SH: 13    Dex: 16    Spells: 0 memorised, 12 levels left

rFire  . . .     SeeInvis .     h - +1 morningstar (freeze)
rCold  . . .     Gourm    .     v - +0 plate armour
rNeg   + . .     Faith    .     c - +0 shield
rPois  ∞         Spirit   .     u - +1 helmet
rElec  +         Reflect  .     (no cloak)
rCorr  .         Harm     .     (no gloves)
MR     .....     Rnd*Rage +     (no boots)
Stlth  ..........               (no amulet)
                                e - +5 ring of dexterity
                                q - +5 ring of evasion

@: no status effects
A: agile 1, berserk 1, blink, low mp 1, negative energy resistance 1,
electricity resistance, unbreathing, petrification resistance, rot immunity, AC
+9
a: Blink, Minor Destruction, Lesser Servant of Makhleb, Major Destruction,
Greater Servant of Makhleb, Renounce Religion


You were on level 13 of the Dungeon.
You worshipped Makhleb.
Makhleb was extremely pleased with you.
You were not hungry.

You visited 1 branch of the dungeon, and saw 13 of its levels.
You also visited: Labyrinth and Sewer.

You collected 910 gold pieces.

Inventory:

Hand Weapons
 h - a +1 morningstar of freezing (weapon)
 o - a +3 flail of holy wrath
Armour
 c - a +0 shield (worn)
 u - a +1 helmet (worn)
 v - a +0 plate armour (worn)
Jewellery
 e - a +5 ring of dexterity (right hand)
 q - a +5 ring of evasion (left hand)
 x - an uncursed ring of stealth
 B - an uncursed ring of protection from fire
Wands
 a - a wand of confusion (31/48)
 d - a wand of slowing (21/48)
 l - a wand of polymorph (11/24)
 r - a wand of lightning (0/15)
 y - a wand of iceblast (7/15)
 A - a wand of acid (8/15)
 C - a wand of iceblast (9/15)
 E - a wand of iceblast (2/15)
 G - a wand of iceblast (6/15)
 I - a wand of polymorph (11/24)
 N - a wand of random effects (27/48)
Scrolls
 g - a scroll of fog
 j - 4 scrolls of remove curse
 n - a scroll of recharging
 w - 2 scrolls of magic mapping
 z - 9 scrolls of identify
 F - a scroll of enchant armour
 H - a scroll of blinking {unknown}
Potions
 k - 6 potions of curing
 m - a potion of heal wounds
 t - 3 potions of flight
 L - a potion of magic
Miscellaneous
 K - a phantom mirror
Comestibles
 b - a royal jelly
 f - 3 bread rations
 i - 5 slices of pizza
 p - 6 chunks of flesh
 s - 19 fruits
 D - 2 meat rations
 J - a beef jerky


   Skills:
 * Level 12.8 Fighting
 * Level 11.4 Maces & Flails
 + Level 12.0 Armour
 + Level 10.7 Shields
 + Level 4.9 Invocations


You had 12 spell levels left.
You didn't know any spells.

Dungeon Overview and Level Annotations

Branches:
Dungeon (13/15) Temple (0/1) D:4 Lair (0/6) D:10 Orc (0/2) D:9 Vaults (0/5) D:12 D:13

Altars:
Cheibriados
Dithmenos
Elyvilon
Fedhas
Gozag
Makhleb
Nemelex Xobeh
Okawaru
Qazlal
Yredelemnul
The Shining One

Shops:
D:2 *   D:9 }

Portals:
Bazaar: D:11
Trove: D:12 (give ring of Pugish)


Innate Abilities, Weirdness & Mutations

You are resistant to torment.
Your stone body is resilient. (AC +9)
You are immune to poison.
You resist negative energy. (rN+)
You are resistant to electric shocks. (rElec)
You can survive without breathing.
You are immune to petrification.
You are immune to rotting.
You are agile. (Dex +2)
You tend to lose your temper in combat.
You can translocate small distances at will.
Your magical capacity is low. (-10% MP)


Message History

The centaur shoots an arrow.
The arrow hits you but does no damage.
The centaur shoots an arrow.
The arrow hits you.
You hit the hill giant. You freeze the hill giant.
The hill giant is moderately wounded.
The centaur warrior shoots an arrow.
The arrow hits you!! The arrow burns you.
The hill giant hits you with a giant spiked club!
The centaur shoots an arrow.
The arrow hits you but does no damage.
The centaur warrior shoots an arrow.
The arrow misses you.
Unknown command.
Unknown command.
Unknown command.
You bludgeon the hill giant!! You freeze the hill giant!
The hill giant is almost dead.
The centaur shoots an arrow.
You block the arrow.
The centaur warrior shoots an arrow.
The arrow hits you!
* * * LOW HITPOINT WARNING * * *
The arrow burns you.
* * * LOW HITPOINT WARNING * * *
The hill giant hits you with a giant spiked club!!
You die...

.... #......c...
.... #....c.....
.... #..........
.... #.....c....
.... #....:.....
.... #..........
.... #..........
.... #.(@C......
.... #.#########
#### #.# #.#
#.##################
#..................)
#..................)
#..................)
#..############..###


You could see a hill giant, a centaur warrior and 2 centaurs.

Vanquished Creatures
  Rupert (D:11)
  A minotaur (Lab)
  The ghost of chlorine the Cleaver, a journeyman MiHu of Hepliaklqana (D:12)
  A centaur warrior (D:13)
  Urug (D:13)
  A wizard (D:11)
  An unseen horror (D:10)
  Pikel (D:7)
  3 hill giants
  A deep elf mage (D:13)
  A wolf spider zombie (D:13)
  5 ugly things
  2 cyclopes
  Joseph (D:7)
  The ghost of Azzok the Chopper, a novice MiFi of Okawaru (D:8)
  Psyche (D:9)
  3 centaur zombies
  A centaur skeleton (D:12)
  A gargoyle (D:10)
  A komodo dragon (D:10)
  A kobold demonologist (D:12)
  3 trolls
  2 two-headed ogres
  3 hippogriffs
  6 slime creatures
  A shadow (D:13)
  2 wyverns
  13 humans
  Grum (D:9)
  4 hungry ghosts
  3 vampire mosquitoes (D:13)
  Edmund (D:6)
  A soldier ant (D:12)
  2 orc warriors (D:8)
  3 sky beasts
  An ice beast (D:11)
  A phantom (D:12)
  4 wolves (D:9)
  5 centaurs
  A necrophage (D:6)
  4 ogres
  A big kobold (Sewer)
  5 bullfrogs
  4 scorpions
  11 killer bees
  2 howler monkeys
  2 crimson imps
  A quasit (D:12)
  3 bullfrog zombies
  4 bullfrog skeletons
  8 orc priests
  2 hounds
  4 jellies
  Ijyb (D:4)
  2 iguanas
  14 orc wizards
  10 worker ants
  A hound zombie (D:6)
  A worker ant zombie (D:7)
  Robin (D:3)
  7 gnolls
  15 adders
  2 river rats (Sewer)
  3 shadow imps
  An ooze (D:2)
  An adder skeleton (D:8)
  4 worms
  4 dart slugs
  2 leopard geckos
  37 orcs
  4 ball pythons
  9 bats
  4 giant cockroaches
  20 goblins
  9 hobgoblins
  13 jackals
  4 quokkas
  5 frilled lizards (D:2)
  A giant cockroach zombie (D:5)
  15 kobolds
  A quokka skeleton (D:9)
  11 rats
340 creatures vanquished.

Vanquished Creatures (collateral kills)
  A centaur skeleton (D:10)
  A two-headed ogre (D:10)
  2 humans (D:13)
  2 orc warriors (D:10)
  2 centaurs (D:13)
  A centaur zombie (D:10)
  An orc priest (D:10)
  An orc wizard (D:10)
  An orc (D:10)
12 creatures vanquished.

Vanquished Creatures (others)
  3 slaves (D:7)
  An orc wizard (D:7)
  An orc (D:7)
  A jackal (D:7)
  5 plants (D:10)
11 creatures vanquished.

Grand Total: 363 creatures vanquished

Notes
Turn   | Place    | Note
-------+----------+-------------------------------------------
     0 | D:1      | Heskey the Gargoyle Fighter began the quest for the Orb.
     0 | D:1      | Reached XP level 1. HP: 14/14 MP: 1/1
    79 | D:1      | Reached XP level 2. HP: 18/20 MP: 2/2
   358 | D:1      | Reached XP level 3. HP: 21/24 MP: 3/3
   829 | D:2      | Found Gozag's Platinum Reserve.
   829 | D:2      | Found an opulent altar of Gozag.
   869 | D:2      | Found a sparkling altar of Nemelex Xobeh.
   952 | D:2      | Found a blossoming altar of Fedhas.
   992 | D:2      | Reached XP level 4. HP: 26/29 MP: 4/4
  1988 | D:3      | Found a burning altar of Makhleb.
  1995 | D:3      | Became a worshipper of Makhleb the Destroyer
  2078 | D:3      | Reached XP level 5. HP: 32/33 MP: 5/5
  2100 | D:3      | Found a glowing drain.
  2146 | Sewer    | Entered a sewer
  2302 | Sewer    | Noticed a big kobold
  2463 | Sewer    | Killed a big kobold
  2463 | Sewer    | Reached skill level 5 in Armour
  2491 | Sewer    | Found a glowing silver altar of Zin.
  2633 | D:3      | Reached XP level 6. HP: 39/39 MP: 6/6
  2638 | D:3      | Found a glowing golden altar of the Shining One.
  2666 | D:3      | Noticed Robin
  2674 | D:3      | Killed Robin
  2921 | D:3      | Found a stormy altar of Qazlal.
  2921 | D:3      | Found a white marble altar of Elyvilon.
  3264 | D:4      | Reached skill level 5 in Fighting
  3275 | D:4      | Found a staircase to the Ecumenical Temple.
  3329 | D:4      | Reached * piety under Makhleb
  3466 | D:4      | Reached XP level 7. HP: 39/44 MP: 7/7
  3664 | D:4      | Noticed Ijyb
  3677 | D:4      | Killed Ijyb
  3911 | D:5      | Entered Level 5 of the Dungeon
  3985 | D:5      | Gained mutation: Your magical capacity is low. (-10% MP) [potion of mutation]
  3985 | D:5      | Gained mutation: You are agile. (Dex +2) [potion of mutation]
  3985 | D:5      | Gained mutation: You tend to lose your temper in combat. [potion of mutation]
  3988 | D:5      | Gained mutation: You can translocate small distances at will. [potion of beneficial mutation]
  4468 | D:5      | Reached skill level 5 in Maces & Flails
  4539 | D:5      | Reached XP level 8. HP: 42/51 MP: 7/7
  5027 | D:6      | Reached ** piety under Makhleb
  5116 | D:6      | Found a shadowy altar of Dithmenos.
  5318 | D:6      | Noticed Edmund
  5360 | D:6      | Killed Edmund
  5567 | D:6      | Noticed a hippogriff
  5574 | D:6      | Killed a hippogriff
  5798 | D:7      | Noticed Pikel
  5822 | D:7      | Killed Pikel
  5822 | D:7      | Reached skill level 5 in Shields
  5822 | D:7      | Reached XP level 9. HP: 53/57 MP: 8/8
  6111 | D:7      | Found an iron altar of Okawaru.
  6318 | D:7      | Noticed Joseph
  6336 | D:7      | Killed Joseph
  6733 | D:8      | Noticed Azzok's ghost (novice MiFi)
  6747 | D:8      | Killed Azzok's ghost
  7033 | D:8      | Noticed a troll
  7096 | D:8      | Killed a troll
  7096 | D:8      | Reached XP level 10. HP: 29/65 MP: 9/9
  7261 | D:8      | Found a snail-covered altar of Cheibriados.
  7975 | D:9      | Found a basalt altar of Yredelemnul.
  8012 | D:9      | Reached *** piety under Makhleb
  8014 | D:9      | Noticed Grum
  8045 | D:9      | Killed Grum
  8121 | D:9      | Found Bylockin's Gadget Emporium.
  8287 | D:9      | Found a staircase to the Orcish Mines.
  8585 | D:9      | Noticed Psyche
  8595 | D:9      | Paralysed by Psyche for 5 turns
  8605 | D:9      | Killed Psyche
  8783 | D:10     | Entered Level 10 of the Dungeon
  9198 | D:10     | Noticed a gargoyle
  9207 | D:10     | Killed a gargoyle
  9207 | D:10     | Reached skill level 10 in Armour
  9358 | D:10     | Reached XP level 11. HP: 70/72 MP: 9/9
  9369 | D:10     | Reached skill level 10 in Fighting
  9715 | D:10     | Found a staircase to the Lair.
 10267 | D:11     | Noticed a hill giant
 10286 | D:10     | Killed an unseen horror
 10428 | D:10     | Killed a hill giant
 10587 | D:11     | Found a gateway to a bazaar.
 10680 | D:11     | Noticed a hill giant
 10693 | D:11     | Killed a hill giant
 10852 | D:11     | Noticed a hill giant
 10863 | D:11     | Killed a hill giant
 10868 | D:11     | Noticed a cyan ugly thing
 10900 | D:11     | Killed a cyan ugly thing
 10947 | D:11     | Noticed a wizard
 10956 | D:11     | Killed a wizard
 10960 | D:11     | Reached **** piety under Makhleb
 11046 | D:11     | Noticed a red ugly thing
 11071 | D:11     | Killed a red ugly thing
 11535 | D:12     | Noticed a purple ugly thing
 11545 | D:12     | Killed a purple ugly thing
 11578 | D:12     | Noticed Rupert
 11925 | D:11     | Paralysed by Rupert for 6 turns
 12347 | D:11     | Killed Rupert
 12347 | D:11     | Reached skill level 10 in Maces & Flails
 12347 | D:11     | Reached skill level 1 in Invocations
 12347 | D:11     | Reached XP level 12. HP: 48/80 MP: 9/11
 12485 | D:12     | Reached skill level 10 in Shields
 12839 | D:12     | Found a portal to a secret trove of treasure.
 13096 | D:12     | Noticed chlorine's ghost (journeyman MiHu)
 13123 | D:12     | Killed chlorine's ghost
 13549 | D:13     | Found a gate to the Vaults.
 13549 | D:13     | Noticed Urug
 13549 | D:13     | Noticed a centaur warrior
 13623 | D:13     | Found a labyrinth entrance.
 13635 | D:13     | Noticed a centaur warrior
 13636 | Lab      | Entered a labyrinth
 14184 | Lab      | Noticed a minotaur
 14198 | Lab      | Killed a minotaur
 14439 | D:13     | Reached ***** piety under Makhleb
 14459 | D:13     | Reached XP level 13. HP: 87/87 MP: 14/14
 14464 | D:13     | Killed Urug
 14628 | D:13     | Demolished by a hill giant

Skill      XL: |  1  2  3  4  5  6  7  8  9 10 11 12 13 |
---------------+----------------------------------------+-----
Armour         | 4 5 6 8 9 10 11 12 | 12.0
Fighting       | 4 5 6 7 8 9 11 12 | 12.8
Maces & Flails | 3 4 5 6 7 8 10 11 | 11.4
Shields        | 5 6 8 9 10 | 10.7
Invocations    | 1 4 |  4.9

Action                   |  1- 3 |  4- 6 |  7- 9 | 10-12 | 13-15 || total
-------------------------+-------+-------+-------+-------+-------++-------
Melee: Flail             |   173 |   306 |   434 |   594 |       ||  1507
       Morningstar       |       |       |       |   287 |    49 ||   336
Throw: Throwing net      |       |       |     2 |     1 |       ||     3
Invok: Lesser Servant of |       |       |       |     4 |       ||     4
 Abil: Blink             |       |       |       |     1 |       ||     1
Evoke: Wand              |       |       |       |     5 |       ||     5
  Use: Potion            |       |     2 |    13 |     4 |       ||    19
       Scroll            |       |     7 |     3 |     8 |       ||    18
 Stab: Invisible         |       |       |     3 |       |       ||     3
       Held in net/web   |       |       |       |     1 |       ||     1
  Eat: Chunk             |       |     8 |    12 |    15 |       ||    35
       Pizza             |       |     1 |       |     3 |       ||     4
       Bread ration      |       |       |     2 |     3 |       ||     5
       Beef jerky        |       |       |       |     1 |       ||     1
Armor: Scale mail        |    38 |       |       |       |       ||    38
       Chain mail        |    64 |   215 |   242 |       |       ||   521
       Skin              |       |       |    24 |       |       ||    24
       Plate armour      |       |       |   115 |   567 |    39 ||   721
Dodge: Dodged            |    47 |    69 |    80 |   165 |    29 ||   390
Block: Shield            |   112 |   152 |   252 |   517 |    42 ||  1075
